 Dungeon Crawl Stone Soup version 0.23.2-1-ga50397a6bc (webtiles) character file.

Game seed: 2738442156764968689

441 Foic the Thaumaturge (level 6, -9/32 HPs)
             Began as a Deep Elf Wizard on May 24, 2019.
             Killed from afar by Dowan (13 damage)
             ... with a puff of flame
             ... on level 5 of the Dungeon.
             The game lasted 00:26:17 (6153 turns).

Foic the Thaumaturge (Deep Elf Wizard)              Turns: 6153, Time: 00:26:18

Health: -9/32      AC:  5    Str:  4    XL:     6   Next: 70%
Magic:  16/19      EV: 28    Int: 25    God:
Gold:   194        SH:  0    Dex: 13    Spells: 5/21 levels left

rFire    . . .     SeeInvis .   s - +0 quarterstaff
rCold    . . .     Gourm    .   (shield currently unavailable)
rNeg     . . .     Faith    .   a - +0 robe
rPois    .         Spirit   .   b - +0 hat
rElec    .         Reflect  .   o - +1 cloak
rCorr    .         Harm     .   (no gloves)
MR       .....                  n - +0 pair of boots
Stlth    ++........             t - amulet of the acrobat
HPRegen  0.10/turn              (no ring)
MPRegen  0.16/turn              (no ring)

@: acrobat
A: no striking features
a: no special abilities


You were on level 5 of the Dungeon.
You were hungry.

You visited 1 branch of the dungeon, and saw 5 of its levels.
You also visited: Sewer.

You collected 194 gold pieces.

Inventory:

Hand Weapons
 s - a +0 quarterstaff (weapon)
Missiles
 j - 82 arrows
Armour
 a - a +0 robe (worn)
 b - a +0 hat (worn)
 g - a +0 leather armour of positive energy
 n - a +0 pair of boots (worn)
 o - a +1 cloak (worn)
Jewellery
 t - an amulet of the acrobat (around neck)
Scrolls
 c - a scroll of remove curse
 e - 6 scrolls of teleportation
 i - 5 scrolls of identify
 k - a scroll of fog {unknown}
 l - 2 scrolls of amnesia {unknown}
 r - 2 scrolls of fear {unknown}
 u - a scroll of enchant armour {unknown}
 v - a scroll of immolation {unknown}
 x - a scroll of blinking {unknown}
Potions
 f - a potion of flight {unknown}
 h - 2 potions of magic {unknown}
 m - 2 potions of lignification {unknown}
 p - 3 potions of heal wounds {unknown}
 q - 2 potions of might {unknown}
Comestibles
 d - 9 rations


   Skills:
 * Level 3.6 Dodging
 + Level 3.1 Stealth
 * Level 8.2 Spellcasting
 + Level 2.6 Conjurations
 + Level 2.6 Summonings
 + Level 1.1 Translocations
 + Level 1.5 Fire Magic


You had 5 spell levels left.
You knew the following spells:

 Your Spells              Type           Power        Failure   Level  Hunger
a - Magic Dart            Conj           ###.         1%          1    None
b - Blink                 Tloc           N/A          5%          2    None
c - Call Imp              Summ           ###.....     3%          2    None
d - Slow                  Hex            ##......     9%          2    None
e - Conjure Flame         Conj/Fire      ###.....     8%          3    None
f - Vampiric Draining     Necr           ##........   19%         3    None
g - Regeneration          Chrm/Necr      ##........   19%         3    None

Your spell library contained the following spells:

 Spells                   Type           Power        Failure   Level  Hunger
 Animate Skeleton         Necr           N/A          6%          1    None
 Pain                     Necr           ##..         6%          1    None
 Mephitic Cloud           Conj/Pois/Air  ##......     12%         3    None
 Animate Dead             Necr           N/A          52%         4    ##.....


Dungeon Overview and Level Annotations

Branches:
Dungeon (5/15)
 Temple: D:4-7

Altars:
Ashenzari

Annotations:
D:3 1 runed translucent door, Crazy Yiuf
D:5 Dowan, Duvessa


Message History

Level annotation: Dowan, Duvessa Duvessa hits you with a +0 short sword of holy wrath! x2
There is a stone staircase leading up, spattered with blood here.
Casting: Magic Dart (safe; 1% risk of failure)
Confirm with . or Enter, or press ? or * to list all spells.
You blink.
Dowan completely misses you. Dowan gestures at you while chanting.
The puff of flame hits you!
* * * LOW HITPOINT WARNING * * *
Casting: Blink (safe; 5% risk of failure)
Confirm with . or Enter, or press ? or * to list all spells.
A beastly little devil appears in a puff of flame.
Dowan gestures wildly while chanting.
Dowan blinks!
Dowan's feet meld with the ground, briefly.
Dowan smirks and points a slender finger.
Dowan points at you and mumbles some strange words.
The puff of flame hits you!
You die...

#.##...#†#######'#####
...+...'........>#####
#.##...#.#######.....#
...............#.###.######
.§.§....e..................
####...#.#####...##.§.####
#####.# ##.e##e..# # #.#
#..##5..# #
#.#.####.@##...# #
#.#.......5....# #
#.#.#####e###..# #
#.#............# ##
#######..###.# .+
.............# ##
......#..#######
......#........# .....
#..#####.#


You could see Duvessa, Dowan and a friendly crimson imp.

Vanquished Creatures
  Edmund (D:4)
  A scorpion (D:4)
  4 river rats (Sewer)
  5 adders
  A worm (D:3)
  4 dart slugs
  3 leopard geckos
  5 orcs (D:3)
  A ball python (D:2)
  2 giant cockroaches
  5 goblins (D:1)
  5 hobgoblins
  4 jackals (D:2)
  8 kobolds
  A quokka (D:2)
  5 bats
  14 frilled lizards
  21 rats
90 creatures vanquished.

Vanquished Creatures (collateral kills)
  A scorpion (D:5)
  A howler monkey (D:4)
  A hound (D:4)
  6 gnolls (D:2)
  3 river rats
  2 adders
  A worm (D:2)
  A leopard gecko (D:1)
  4 orcs (D:3)
  A giant cockroach (D:3)
  A goblin (D:2)
  4 hobgoblins
  3 jackals (D:2)
  2 quokkas (D:2)
  2 ball pythons (Sewer)
  A bat (D:3)
  2 frilled lizards
  2 rats
38 creatures vanquished.

Grand Total: 128 creatures vanquished

Notes
Turn   | Place    | Note
-------+----------+-------------------------------------------
     0 | D:1      | Foic the Deep Elf Wizard began the quest for the Orb.
     0 | D:1      | Reached XP level 1. HP: 10/10 MP: 7/7
   152 | D:1      | Reached skill level 5 in Spellcasting
   215 | D:1      | Reached XP level 2. HP: 15/15 MP: 5/10
   220 | D:1      | Learned a level 2 spell: Blink
   223 | D:1      | Learned a level 2 spell: Call Imp
   226 | D:1      | Learned a level 2 spell: Slow
   896 | D:1      | Reached XP level 3. HP: 19/19 MP: 9/12
  1476 | D:2      | Reached skill level 6 in Spellcasting
  1688 | D:2      | Reached XP level 4. HP: 24/24 MP: 2/14
  2345 | D:2      | Learned a level 3 spell: Conjure Flame
  2448 | D:3      | Found a shattered altar of Ashenzari.
  2787 | D:3      | Reached XP level 5. HP: 28/28 MP: 10/16
  2974 | D:3      | Found a glowing drain.
  3020 | Sewer    | Entered a sewer
  3194 | Sewer    | Reached skill level 7 in Spellcasting
  4251 | D:3      | Found a runed translucent door.
  4252 | D:3      | Noticed Crazy Yiuf
  5016 | D:4      | Reached XP level 6. HP: 32/32 MP: 13/18
  5283 | D:4      | Learned a level 3 spell: Vampiric Draining
  5287 | D:4      | Learned a level 3 spell: Regeneration
  5347 | D:4      | Reached skill level 1 in Fire Magic
  5411 | D:4      | Noticed Edmund
  5442 | D:4      | Killed Edmund
  5442 | D:4      | Reached skill level 8 in Spellcasting
  5665 | D:5      | Entered Level 5 of the Dungeon
  5810 | D:5      | Noticed Duvessa
  5816 | D:5      | Noticed Dowan
  6153 | D:5      | Killed from afar by Dowan

Skill      XL: |  1  2  3  4  5  6 |
---------------+-------------------+-----
Spellcasting   | 5 6 7 8 |  8.2
Summonings     | 2 |  2.6
Dodging        | 3 |  3.6
Conjurations   | 2 |  2.6
Stealth        | 3 |  3.1
Fire Magic     | 1 |  1.5
Translocations | |  1.1

Action                   |  1- 3 |  4- 6 || total
-------------------------+-------+-------++-------
 Cast: Magic Dart        |    95 |   140 ||   235
       Call Imp          |    10 |    55 ||    65
       Blink             |       |     6 ||     6
       Conjure Flame     |       |     5 ||     5
  Use: Scroll            |       |     4 ||     4
  Eat: Chunk             |     2 |    13 ||    15
Armor: Robe              |     2 |    13 ||    15
Dodge: Dodged            |    13 |    27 ||    40
